 Dungeon Crawl Stone Soup version 0.24-a0-271-ga0fc33f (webtiles) character file.

Game seed: 4895653624110578778

11112 Anon1729 the Blocker (level 11, 0/89 HPs)
             Began as a Gnoll Fighter on Apr 23, 2019.
             Was a Priest of Qazlal.
             Slain by an enormous slime creature (60 damage)
             ... on level 12 of the Dungeon.
             The game lasted 00:28:27 (10714 turns).

Anon1729 the Blocker (Gnoll Fighter)               Turns: 10714, Time: 00:28:28

Health: 0/89       AC: 12    Str: 18    XL:     11   Next: 72%
Magic:  6/6        EV: 16    Int: 14    God:    Qazlal [***...]
Gold:   224        SH:  4    Dex: 15    Spells: 22/22 levels left

rFire    + . .     SeeInvis .   D - +2 trident (antimagic)
rCold    + . .     Gourm    .   (no shield)
rNeg     + . .     Faith    .   C - +0 leather armour {rF+}
rPois    .         Spirit   .   E - +2 helmet
rElec    .         Reflect  .   J - +1 cloak
rCorr    .         Harm     .   t - +1 pair of gloves
MR       .....                  (no boots)
Stlth    ++........             Q - amulet of regeneration
HPRegen  0.64/turn              y - ring of positive energy
MPRegen  0.10/turn              F - ring of protection from cold

@: no status effects
A: distributed training, fangs 1, strong nose
a: Upheaval, Elemental Force, Renounce Religion


You were on level 12 of the Dungeon.
You worshipped Qazlal.
Qazlal was most pleased with you.
You were hungry.

You visited 2 branches of the dungeon, and saw 12 of its levels.

You collected 641 gold pieces.
You spent 417 gold pieces at shops.

Inventory:

Hand Weapons
 B - a +1 rapier of holy wrath
 D - a +2 antimagic trident (weapon)
 K - the +1 rapier "Wyimm" {drain, rElec}
   (You found it on level 8 of the Dungeon)

   A truly terrible weapon, it drains the life of those it strikes.
   It insulates you from electricity.
 O - the +5 triple sword "Viezut" {pain, +Inv rN+}
   (You bought it in a shop on level 12 of the Dungeon)

   In the hands of one skilled in necromantic magic, it inflicts extra damage on
   living creatures.
   It protects you from negative energy.
   It lets you turn invisible.
Missiles
 M - 9 tomahawks (quivered)
Armour
 b - a +0 scale mail
 c - a +0 shield
 t - a +1 pair of gloves (worn)
 C - a +0 leather armour of fire resistance (worn)
 E - a +2 helmet (worn)
 J - a +1 cloak (worn)
 L - a +1 hat of magic resistance
Jewellery
 a - an uncursed ring of fire
 y - a ring of positive energy (left hand)
 A - an uncursed amulet of harm
 F - a ring of protection from cold (right hand)
 P - an uncursed ring of stealth {unknown}
 Q - an amulet of regeneration (around neck)
Wands
 w - a wand of digging (9)
 N - a wand of acid (1)
 S - a wand of disintegration (9)
Scrolls
 g - 4 scrolls of amnesia {unknown}
 i - 3 scrolls of fear {unknown}
 m - 2 scrolls of fog
 o - a scroll of random uselessness {unknown}
 s - a scroll of identify
 v - 2 scrolls of remove curse
 x - 4 scrolls of noise {unknown}
 G - a scroll of enchant weapon {unknown}
 H - 2 scrolls of blinking
 R - a scroll of enchant armour {unknown}
Potions
 d - 4 potions of might
 e - 4 potions of mutation {unknown}
 j - 5 potions of flight
 k - a potion of magic {unknown}
 l - a potion of heal wounds {unknown}
 n - a potion of lignification {unknown}
 p - a potion of curing
 q - a potion of cancellation {unknown}
 r - 3 potions of agility
 u - 2 potions of haste {unknown}
 z - 3 potions of brilliance {unknown}
 I - 2 potions of ambrosia {unknown}
Comestibles
 f - 15 rations
 h - 4 chunks of flesh


   Skills:
 + Level 9.3 Fighting
 + Level 6.4 Short Blades
 + Level 6.4 Long Blades
 + Level 6.4 Axes
 + Level 6.4 Maces & Flails
 + Level 8.0 Polearms
 + Level 6.4 Staves
 + Level 6.4 Slings
 + Level 6.4 Bows
 + Level 6.4 Crossbows
 + Level 6.4 Throwing
 + Level 9.3 Armour
 + Level 6.4 Dodging
 + Level 6.4 Stealth
 + Level 9.3 Shields
 + Level 6.4 Unarmed Combat
 + Level 6.4 Spellcasting
 + Level 5.3 Conjurations
 + Level 5.3 Hexes
 + Level 5.3 Charms
 + Level 5.3 Summonings
 + Level 5.3 Necromancy
 + Level 5.3 Translocations
 + Level 5.3 Transmutations
 + Level 5.3 Fire Magic
 + Level 5.3 Ice Magic
 + Level 5.3 Air Magic
 + Level 5.3 Earth Magic
 + Level 5.3 Poison Magic
 + Level 7.1 Invocations
 + Level 6.4 Evocations


You had 22 spell levels left.
You didn't know any spells.
Your spell library was empty.

Dungeon Overview and Level Annotations

Branches:
Dungeon (10/15)            Temple (1/1) D:7             Orc (0/2) D:9
   Lair: D:8-11

Altars:
Ashenzari
Cheibriados
Dithmenos
Elyvilon
Fedhas
Kikubaaqudgha
Makhleb
Qazlal
Ru
Sif Muna
Trog
Wu Jian
Yredelemnul
Zin
The Shining One
Beogh

Shops:
D:4 !   D:9 [   D:12 (*%

Annotations:
D:4 1 runed translucent door, Avack's ghost, novice DrCj
D:5 2 transporters, Hylith's ghost, novice DsFi


Innate Abilities, Weirdness & Mutations

Your experience applies equally to all skills.
You have very sharp teeth.
Your uncanny sense of smell can sniff out nearby items.


Message History

You hit the very large slime creature.
The very large slime creature is moderately wounded.
The very large slime creature barely misses you.
You puncture the very large slime creature!
You bite the very large slime creature, but do no damage.
The very large slime creature is moderately wounded.
The very large slime creature misses you.
Two slime creatures merge to form an enormous slime creature.
You puncture the enormous slime creature!
You bite the enormous slime creature.
The enormous slime creature is moderately wounded.
There's nothing to close nearby.
Evoke which item? (* to show all) (? for menu, Esc to quit)
Aiming: Disintegrate
Press: ? - help, Shift-Dir - straight line, f - enormous slime creature
Aim: an enormous slime creature (moderately wounded, chance to defeat MR: 73%)
The enormous slime creature is blasted!!
The enormous slime creature hits you!!!
Ouch! That really hurt!
You die...

#..........#....######
#..........#....##
#..........#.....#
#.....)....#....##
#..........#....#
#....#######....#
#...[## #.....#
#####J## #.....#
##@#####....# ∆
#(.....#....#
#####(....†'....#..
#......))).######..
#.......†.......... ∆
∆ #....##'###......#
#....+....#......#
#....#....#......#
#....#...T#......# #.


You could see an enormous slime creature.

Vanquished Creatures
  Gastronok (D:9)
  A two-headed ogre (D:10)
  A centaur warrior (D:9)
  A troll (D:12)
  Grinder (D:3)
  2 slime creatures (D:12)
  2 hippogriffs
  2 wyverns
  A water elemental (D:12)
  A hungry ghost (D:9)
  Eustachio (D:4)
  A water moccasin (D:8)
  5 porcupines (D:10)
  6 ice beasts
  8 orc warriors
  A sky beast (D:9)
  A black bear (D:9)
  4 phantoms
  An eye of draining (D:9)
  5 ogres
  2 crocodiles (D:10)
  A big kobold (D:9)
  5 bullfrogs
  A water moccasin zombie (D:5)
  7 killer bees
  An electric eel (D:12)
  4 crimson imps
  2 bullfrog zombies
  3 howler monkeys
  A quasit (D:8)
  7 orc priests
  2 hounds
  A bullfrog skeleton (D:5)
  4 centaur skeletons
  5 jellies
  17 orc wizards
  2 iguanas
  6 worker ants
  A hound zombie (D:7)
  A howler monkey zombie (D:7)
  A worker ant zombie (D:6)
  Robin (D:4)
  4 gnolls (D:5)
  11 adders
  A shadow imp (D:5)
  4 oozes
  An adder zombie (D:7)
  An adder skeleton (D:4)
  4 worms
  2 dart slugs
  9 leopard geckos
  55 orcs
  9 giant cockroaches
  8 goblins
  15 hobgoblins
  6 jackals
  5 quokkas
  A ball python (D:1)
  12 bats
  6 frilled lizards
  2 jackal skeletons
  12 kobolds
  A leopard gecko skeleton (D:7)
  9 rats
299 creatures vanquished.

Vanquished Creatures (others)
  8 fungi (D:10)
  4 plants
12 creatures vanquished.

Grand Total: 311 creatures vanquished

Notes
Turn   | Place    | Note
-------+----------+-------------------------------------------
     0 | D:1      | Anon1729 the Gnoll Fighter began the quest for the Orb.
     0 | D:1      | Reached XP level 1. HP: 23/23 MP: 1/1
   134 | D:1      | Reached XP level 2. HP: 29/29 MP: 2/2
   452 | D:1      | Reached XP level 3. HP: 34/35 MP: 3/3
   742 | D:2      | Reached skill level 1 in Invocations
  1011 | D:2      | Found an ornate altar of the Wu Jian Council.
  1117 | D:2      | Reached skill level 1 in Short Blades
  1117 | D:2      | Reached skill level 1 in Long Blades
  1117 | D:2      | Reached skill level 1 in Axes
  1117 | D:2      | Reached skill level 1 in Maces & Flails
  1117 | D:2      | Reached skill level 1 in Staves
  1117 | D:2      | Reached skill level 1 in Slings
  1117 | D:2      | Reached skill level 1 in Bows
  1117 | D:2      | Reached skill level 1 in Crossbows
  1117 | D:2      | Reached skill level 1 in Throwing
  1117 | D:2      | Reached skill level 1 in Dodging
  1117 | D:2      | Reached skill level 1 in Stealth
  1117 | D:2      | Reached skill level 1 in Unarmed Combat
  1117 | D:2      | Reached skill level 1 in Spellcasting
  1117 | D:2      | Reached skill level 1 in Evocations
  1178 | D:2      | Reached XP level 4. HP: 40/41 MP: 5/5
  1386 | D:2      | Reached skill level 1 in Conjurations
  1386 | D:2      | Reached skill level 1 in Hexes
  1386 | D:2      | Reached skill level 1 in Charms
  1386 | D:2      | Reached skill level 1 in Summonings
  1386 | D:2      | Reached skill level 1 in Necromancy
  1386 | D:2      | Reached skill level 1 in Translocations
  1386 | D:2      | Reached skill level 1 in Transmutations
  1386 | D:2      | Reached skill level 1 in Fire Magic
  1386 | D:2      | Reached skill level 1 in Ice Magic
  1386 | D:2      | Reached skill level 1 in Air Magic
  1386 | D:2      | Reached skill level 1 in Earth Magic
  1386 | D:2      | Reached skill level 1 in Poison Magic
  1784 | D:3      | Reached XP level 5. HP: 45/47 MP: 6/6
  2211 | D:3      | Noticed Grinder
  2214 | D:3      | Paralysed by Grinder for 5 turns
  2221 | D:3      | Reached XP level 6. HP: 53/53 MP: 8/8
  2223 | D:3      | Paralysed by Grinder for 5 turns
  2236 | D:3      | Paralysed by Grinder for 7 turns
  2248 | D:3      | Paralysed by Grinder for 3 turns
  2254 | D:3      | Paralysed by Grinder for 4 turns
  2269 | D:3      | Killed Grinder
  2269 | D:3      | Reached skill level 5 in Polearms
  2606 | D:3      | Reached XP level 7. HP: 33/59 MP: 10/10
  3199 | D:4      | Found a shattered altar of Ashenzari.
  3403 | D:4      | Found a runed translucent door.
  3403 | D:4      | Noticed Avack's ghost (novice DrCj)
  3426 | D:4      | Found a sacrificial altar of Ru.
  3517 | D:4      | Noticed Eustachio
  3552 | D:4      | Killed Eustachio
  3576 | D:4      | Found Jymeil's Distillery.
  3586 | D:4      | Bought a potion of curing for 42 gold pieces
  3636 | D:4      | Noticed Robin
  3656 | D:4      | Killed Robin
  3656 | D:4      | Reached XP level 8. HP: 65/67 MP: 12/12
  3726 | D:4      | Found a glowing silver altar of Zin.
  3904 | D:5      | Entered Level 5 of the Dungeon
  4046 | D:5      | Found a blossoming altar of Fedhas.
  4266 | D:5      | Found a glowing golden altar of the Shining One.
  4349 | D:5      | Identified the +0 shield of the Beekeeper {rF- rN+ Int+2
                  | Dex+2}
  4373 | D:5      | Noticed Hylith's ghost (novice DsFi)
  4407 | D:5      | Found a burning altar of Makhleb.
  4545 | D:5      | Found a transporter.
  4613 | D:5      | Found a transporter.
  4830 | D:6      | Reached XP level 9. HP: 61/72 MP: 4/14
  5135 | D:6      | You fall through a shaft!
  5193 | D:7      | Found a staircase to the Ecumenical Temple.
  5201 | Temple   | Entered the Ecumenical Temple
  5224 | Temple   | Became a worshipper of Qazlal Stormbringer
  5399 | D:7      | Found a snail-covered altar of Cheibriados.
  5507 | D:7      | Found a shadowy altar of Dithmenos.
  5706 | D:7      | Found a flagged portal.
  5866 | D:8      | Got an iridescent rapier
  5867 | D:8      | Identified the cursed +1 rapier "Wyimm" {drain, rElec} (You
                  | found it on level 8 of the Dungeon)
  5895 | D:8      | Noticed a two-headed ogre
  6055 | D:8      | Reached * piety under Qazlal
  6055 | D:8      | Reached skill level 5 in Invocations
  6376 | D:8      | Reached XP level 10. HP: 61/80 MP: 5/17
  6685 | D:8      | Found an ancient bone altar of Kikubaaqudgha.
  7448 | D:9      | Noticed Gastronok
  7481 | D:9      | Killed Gastronok
  7481 | D:9      | Reached skill level 5 in Short Blades
  7481 | D:9      | Reached skill level 5 in Long Blades
  7481 | D:9      | Reached skill level 5 in Axes
  7481 | D:9      | Reached skill level 5 in Maces & Flails
  7481 | D:9      | Reached skill level 5 in Staves
  7481 | D:9      | Reached skill level 5 in Slings
  7481 | D:9      | Reached skill level 5 in Bows
  7481 | D:9      | Reached skill level 5 in Crossbows
  7481 | D:9      | Reached skill level 5 in Throwing
  7481 | D:9      | Reached skill level 5 in Dodging
  7481 | D:9      | Reached skill level 5 in Stealth
  7481 | D:9      | Reached skill level 5 in Unarmed Combat
  7481 | D:9      | Reached skill level 5 in Spellcasting
  7481 | D:9      | Reached skill level 5 in Evocations
  7759 | D:9      | Found a bloodstained altar of Trog.
  8200 | D:9      | Noticed a centaur warrior
  8201 | D:9      | Noticed a two-headed ogre
  8606 | D:9      | Reached ** piety under Qazlal
  8611 | D:9      | Found Diajiem's Antique Armour Boutique.
  8708 | D:9      | Found a staircase to the Orcish Mines.
  8732 | D:9      | Found a white marble altar of Elyvilon.
  8766 | D:9      | Found a basalt altar of Yredelemnul.
  8842 | D:9      | Found a roughly hewn altar of Beogh.
  8887 | D:9      | Reached XP level 11. HP: 74/87 MP: 6/19
  9296 | D:9      | Found a deep blue altar of Sif Muna.
  9309 | D:10     | Entered Level 10 of the Dungeon
  9309 | D:10     | Noticed a two-headed ogre
  9353 | D:9      | Killed a centaur warrior
  9573 | D:10     | Noticed a two-headed ogre
  9597 | D:10     | Killed a two-headed ogre
  9597 | D:10     | Reached skill level 5 in Conjurations
  9597 | D:10     | Reached skill level 5 in Hexes
  9597 | D:10     | Reached skill level 5 in Charms
  9597 | D:10     | Reached skill level 5 in Summonings
  9597 | D:10     | Reached skill level 5 in Necromancy
  9597 | D:10     | Reached skill level 5 in Translocations
  9597 | D:10     | Reached skill level 5 in Transmutations
  9597 | D:10     | Reached skill level 5 in Fire Magic
  9597 | D:10     | Reached skill level 5 in Ice Magic
  9597 | D:10     | Reached skill level 5 in Air Magic
  9597 | D:10     | Reached skill level 5 in Earth Magic
  9597 | D:10     | Reached skill level 5 in Poison Magic
  9668 | D:10     | HP: 2/89 [porcupine (8)]
  9673 | D:10     | You fall through a shaft for 2 floors!
  9686 | D:12     | Found Ateun's Food Emporium.
 10001 | D:12     | Found Opaxzuziop's Antique Weapon Emporium.
 10052 | D:12     | Bought a twisted triple sword for 375 gold pieces
 10100 | D:12     | Noticed a four-headed hydra
 10154 | D:12     | Identified the +5 triple sword "Viezut" {pain, +Inv rN+}
                  | (You bought it in a shop on level 12 of the Dungeon)
 10262 | D:12     | Found Ifajeg's Assorted Antiques.
 10330 | D:12     | Noticed a cyclops
 10378 | D:12     | Reached *** piety under Qazlal
 10714 | D:12     | Slain by an enormous slime creature

Levels and vault maps discovered:
D:1:      nicolae_arrival_washed_ashore, layout_loops_ring
D:2:      kennysheep_six_static_rooms, layout_basic, old_standard_altar,
          minmay_pentomino_x2
D:3:      layout_loops_ring, uniq_grinder
D:4:      layout_loops_cross, kennysheep_mini, marbit_many_paths,
          hangedman_ru_absence, serial_shops, shop_statue,
          ebering_ghost_inner_flame, uniq_robin, uniq_eustachio
D:5:      layout_basic, old_standard_altar, kennysheep_little_box,
          fedhas_bush_and_centaur_altar, first_ration,
          gammafunk_ghost_gnarly_gnolls
D:6:      layout_loops_cross, nicolae_gozag_cash_rules_everything_around_me
D:7:      layout_basic, grunt_dithmenos_smoke_and_mirrors,
          minmay_temple_entry_steel_oval, enter_bailey_8, basic_altar
D:8:      layout_basic, lemuel_coloured_pillars_altar, minivault_11
D:9:      layout_roguey, lemuel_blue_sif_altar, yredelemnul_altar_generic,
          old_standard_altar, minmay_orc_entry_temple_large, serial_shops,
          nicolae_shop_waterfront, basic_altar, uniq_gastronok
D:10:     cheibrodos_statue_roulette, layout_loops_ring,
          due_lair_maze_entry_diamond, serial_rivers,
          chequers_serial_rivers_room_b, chequers_serial_rivers_micro_b,
          chequers_serial_rivers_large_a, chequers_serial_rivers_small_3,
          hangedman_stone_soup, uniq_erolcha
D:12:     layout_gridville, serial_shops,
          nicolae_shop_temple_entry_statues_fountains, nicolae_shop_waterfront,
          nicolae_shop_waterfront, shop, kennysheep_minor_cross
Temple:   nicolae_temple_figure_zero

Skill      XL: |  1  2  3  4  5  6  7  8  9 10 11 |
---------------+----------------------------------+-----
Invocations    | 1 2 3 4 5 6 7 |  7.1
Short Blades   | 1 2 3 4 5 6 |  6.4
Long Blades    | 1 2 3 4 5 6 |  6.4
Axes           | 1 2 3 4 5 6 |  6.4
Maces & Flails | 1 2 3 4 5 6 |  6.4
Staves         | 1 2 3 4 5 6 |  6.4
Slings         | 1 2 3 4 5 6 |  6.4
Bows           | 1 2 3 4 5 6 |  6.4
Crossbows      | 1 2 3 4 5 6 |  6.4
Throwing       | 1 2 3 4 5 6 |  6.4
Dodging        | 1 2 3 4 5 6 |  6.4
Stealth        | 1 2 3 4 5 6 |  6.4
Unarmed Combat | 1 2 3 4 5 6 |  6.4
Spellcasting   | 1 2 3 4 5 6 |  6.4
Evocations     | 1 2 3 4 5 6 |  6.4
Conjurations   | 1 2 3 4 5 |  5.3
Hexes          | 1 2 3 4 5 |  5.3
Charms         | 1 2 3 4 5 |  5.3
Summonings     | 1 2 3 4 5 |  5.3
Necromancy     | 1 2 3 4 5 |  5.3
Translocations | 1 2 3 4 5 |  5.3
Transmutations | 1 2 3 4 5 |  5.3
Fire Magic     | 1 2 3 4 5 |  5.3
Ice Magic      | 1 2 3 4 5 |  5.3
Air Magic      | 1 2 3 4 5 |  5.3
Earth Magic    | 1 2 3 4 5 |  5.3
Poison Magic   | 1 2 3 4 5 |  5.3
Polearms       | 5 6 7 8 |  8.0
Fighting       | 7 8 9 |  9.3
Armour         | 7 8 9 |  9.3
Shields        | 7 8 9 |  9.3

Action                   |  1- 3 |  4- 6 |  7- 9 | 10-12 || total
-------------------------+-------+-------+-------+-------++-------
Melee: Trident           |   104 |   210 |   525 |   604 ||  1443
       Bite              |     5 |    23 |    61 |    79 ||   168
       Triple sword      |       |       |       |     1 ||     1
       Punch             |       |       |       |     1 ||     1
Throw: Tomahawk          |       |       |       |     2 ||     2
Evoke: Wand              |       |       |       |     6 ||     6
  Use: Scroll            |       |       |     6 |     5 ||    11
       Potion            |       |       |     2 |     2 ||     4
 Stab: Sleeping          |       |       |     4 |       ||     4
  Eat: Chunk             |     1 |     5 |    13 |     8 ||    27
       Ration            |       |       |       |     2 ||     2
Armor: Scale mail        |    28 |    74 |    30 |       ||   132
       Leather armour    |       |       |   103 |   149 ||   252
Dodge: Dodged            |    25 |    36 |   185 |   291 ||   537
Block: Shield            |    39 |    83 |   255 |   343 ||   720
       Other             |       |       |       |    15 ||    15

Table legend:
 A = Non-vault XP
 B = Vault XP
 C = Vault XP percentage of total XP
 D = Non-vault monster count
 E = Vault monster count
 F = Vault count percentage of total count
                 A         B        C        D         E       F
            +---------+---------+-------+---------+---------+-------
      Total |   11589 |    4286 |  27.0 |     260 |      39 |  13.0
            +---------+---------+-------+---------+---------+-------
        D:1 |      39 |       0 |   0.0 |      25 |       0 |   0.0
        D:2 |      89 |      26 |  22.6 |      25 |       8 |  24.2
        D:3 |     217 |     277 |  56.1 |      44 |       1 |   2.2
        D:4 |     348 |     215 |  38.2 |      13 |       8 |  38.1
        D:5 |     958 |       0 |   0.0 |      22 |       0 |   0.0
        D:6 |     536 |       0 |   0.0 |      12 |       0 |   0.0
        D:7 |    1201 |       0 |   0.0 |      28 |       0 |   0.0
        D:8 |    1405 |       0 |   0.0 |      25 |       0 |   0.0
        D:9 |    2819 |    2643 |  48.4 |      36 |      13 |  26.5
       D:10 |    1213 |    1125 |  48.1 |       9 |       9 |  50.0
       D:12 |    2764 |       0 |   0.0 |      21 |       0 |   0.0
            +---------+---------+-------+---------+---------+-------
